[Event "Titled Tuesday Blitz May 23 Early 2023"]
[White "Urbina Perez, Juan Antonio"]
[Black "Averjanov, Alexey"]
[WhiteFideId "2217368"]
[BlackFideId "14109867"]
[WhiteElo "2197"]
[BlackElo "2761"]
[Result "0-1"]
[Round "04"]
[TimeControl "180+2"]
[Date "2023.05.23"]
[WhiteClock "0:00:15"]
[BlackClock "0:00:38"]

1. e4 c6 2. d4 d5 3. e5 Bf5 4. Bd3 Bxd3 5. Qxd3 e6 6. c3 Nd7 7. Ne2 Ne7 8. O-O c5 9. Nd2 Nc6 10. Kh1 Be7 11. a3 Rc8 12. f4 g6 13. Nf3 h5 14. b4 cxb4 15. cxb4 Kf8 16. Be3 Kg7 17. Rac1 Nb6 18. Nd2 a6 19. Rc3 Na7 20. Rfc1 Qd7 21. h3 Nb5 22. Rxc8 Rxc8 23. Rxc8 Qxc8 24. Kh2 Qc6 25. g4 hxg4 26. hxg4 Nc4 27. a4 Nc7 28. f5 exf5 29. gxf5 Bxb4 30. f6+ Kg8 31. Nf3 Ne6 32. Nf4 Nxe3 33. Qxe3 Bf8 34. Nh4 Qc2+ 35. Kh3 Bh6 36. Nhg2 Qf5+ 37. Kg3 Nxf4 38. Nxf4 Bxf4+ 39. Qxf4 Qxf4+ 40. Kxf4 b5 41. axb5 axb5 0-1


[Site "https://www.chess.com"]

[Event "Titled Tuesday Blitz May 23 Early 2023"]
[White "Doluhanova, Evgeniya"]
[Black "Vakhlamov, Igor L."]
[WhiteFideId "14112035"]
[BlackFideId "24126748"]
[WhiteElo "2159"]
[BlackElo "2407"]
[Result "0-1"]
[Round "04"]
[TimeControl "180+2"]
[Date "2023.05.23"]
[WhiteClock "0:00:10"]
[BlackClock "0:00:22"]

1. Nf3 d5 2. g3 Nf6 3. Bg2 e6 4. O-O c5 5. d4 Nc6 6. c3 Be7 7. Bf4 O-O 8. Nbd2 b6 9. Ne5 Bb7 10. Nxc6 Bxc6 11. h3 Re8 12. Qc2 Rc8 13. dxc5 Bxc5 14. Rad1 e5 15. Bg5 h6 16. Bxf6 Qxf6 17. Nb3 e4 18. Nxc5 bxc5 19. e3 h5 20. h4 Bb5 21. Rfe1 Bd3 22. Qa4 Re7 23. Bh3 Rcc7 24. Qa3 g5 25. hxg5 Qxg5 26. Kh2 Re5 27. f4 exf3 28. Rxd3 d4 29. c4 Rce7 30. e4 f2 31. Rf1 Rxe4 32. Rxf2 Re2 33. Rf3 R7e3 34. Qa6 Rxf2+ 35. Rxf2 Qxg3+ 36. Kh1 Qxh3+ 0-1


[Site "https://www.chess.com"]

[Event "Titled Tuesday Blitz May 23 Early 2023"]
[White "Ismagilov, Damir"]
[Black "Sviridov, Valery"]
[WhiteFideId "34199982"]
[BlackFideId "4120680"]
[WhiteElo "2143"]
[BlackElo "2457"]
[Result "0-1"]
[Round "04"]
[TimeControl "180+2"]
[Date "2023.05.23"]
[WhiteClock "0:00:01"]
[BlackClock "0:01:08"]

1. e4 c5 2. Nf3 a6 3. g3 b5 4. d4 cxd4 5. c3 dxc3 6. Nxc3 Bb7 7. Be3 e6 8. a3 Nf6 9. e5 Ng4 10. Bd4 Nc6 11. Bg2 Rc8 12. O-O Be7 13. Ne4 Nxd4 14. Nxd4 Bxe4 15. Qxg4 Bg6 16. Bb7 Rb8 17. Be4 O-O 18. Rfd1 Qb6 19. Bxg6 hxg6 20. h4 Rbc8 21. Nf3 Rc4 22. Qh3 Rc2 23. Qf1 Rxb2 24. Rxd7 Bc5 25. Nd2 Rd8 26. Rxd8+ Qxd8 27. Ne4 Bb6 28. Rd1 Qa8 29. Qg2 Qc8 30. h5 gxh5 31. Qf3 Rc2 32. Qxh5 Rc1 33. Nd6 Rxd1+ 34. Qxd1 Qc5 35. Qf3 Qc7 36. Qa8+ Kh7 37. Qe4+ g6 38. Qh4+ Kg8 39. Ne4 Qxe5 40. Nf6+ Kg7 41. Ne8+ Kf8 42. Nf6 Qe1+ 43. Kg2 Qxf2+ 44. Kh3 Qf1+ 45. Kg4 Qf5# 0-1


[Site "https://www.chess.com"]

[Event "Titled Tuesday Blitz May 23 Early 2023"]
[White "Spata, German"]
[Black "Hakobyan, Aram"]
[WhiteFideId "113026"]
[BlackFideId "13306677"]
[WhiteElo "2260"]
[BlackElo "2584"]
[Result "0-1"]
[Round "04"]
[TimeControl "180+2"]
[Date "2023.05.23"]
[WhiteClock "0:00:00"]
[BlackClock "0:00:30"]

1. Nf3 g6 2. d4 Bg7 3. e3 Nf6 4. Be2 O-O 5. O-O d6 6. b3 Nbd7 7. Bb2 e5 8. dxe5 Ng4 9. c4 Ngxe5 10. Nc3 Nxf3+ 11. Bxf3 Ne5 12. Be2 c6 13. Qd2 Qe7 14. Rad1 Rd8 15. Qc1 h5 16. Rd2 Bg4 17. Rfd1 Bxe2 18. Nxe2 h4 19. h3 a5 20. Ba3 a4 21. Bxd6 Qe8 22. Bxe5 Rxd2 23. Qxd2 Qxe5 24. Qb4 axb3 25. axb3 Ra2 26. Nf4 Qb2 27. Rf1 Ra1 28. Qxb7 Rxf1+ 29. Kxf1 Qb1+ 30. Ke2 Qc2+ 31. Kf3 Qd1+ 32. Ne2 Qd6 33. Qc8+ Bf8 34. Qg4 Qd1 35. Qxh4 Qxb3 36. Qe4 c5 37. g3 Qd1 38. h4 Qh1+ 39. Kf4 Bd6+ 0-1


[Site "https://www.chess.com"]

[Event "Titled Tuesday Blitz May 23 Early 2023"]
[White "Svane, Rasmus"]
[Black "Han, Yichen"]
[WhiteFideId "4657101"]
[BlackFideId "1054430"]
[WhiteElo "2601"]
[BlackElo "2342"]
[Result "1-0"]
[Round "04"]
[TimeControl "180+2"]
[Date "2023.05.23"]
[WhiteClock "0:00:42"]
[BlackClock "0:00:00"]

1. Nf3 d5 2. g3 Bg4 3. Bg2 Nd7 4. h3 Bxf3 5. Bxf3 Ngf6 6. O-O c6 7. d3 e5 8. e4 dxe4 9. dxe4 Nc5 10. Nd2 Be7 11. Qe2 O-O 12. Nb3 Ne6 13. Be3 a5 14. a4 Qc7 15. c3 Rad8 16. Kg2 Nd7 17. Bg4 Nec5 18. Nxc5 Nxc5 19. Qc4 b6 20. b4 Nb7 21. Rfd1 Nd6 22. Qa6 Ra8 23. Qxb6 Qxb6 24. Bxb6 axb4 25. Bc5 Rfd8 26. cxb4 Bf8 27. a5 Nxe4 28. Rxd8 Rxd8 29. Bxf8 Kxf8 30. Bf3 f5 31. a6 Ra8 32. Bxe4 fxe4 33. Kf1 Ke7 34. Ke2 Kd6 35. Ke3 Kd5 36. Ra5+ Kc4 37. Rc5+ Kxb4 38. Rxc6 Kb5 39. Re6 Rf8 40. a7 Kc5 41. Kxe4 Ra8 42. Re7 Kd6 43. Rxg7 h5 44. g4 hxg4 45. hxg4 Ke6 46. g5 Rf8 47. Rb7 Rf4+ 48. Ke3 Ra4 49. g6 Ra3+ 50. Ke2 Ra2+ 51. Kf1 Ra1+ 52. Kg2 Ra4 53. g7 Rg4+ 54. Kh3 1-0


[Site "https://www.chess.com"]

[Event "Titled Tuesday Blitz May 23 Early 2023"]
[White "Danielyan, Vahe"]
[Black "Makarian, Rudik"]
[WhiteFideId "13304828"]
[BlackFideId "44105681"]
[WhiteElo "2423"]
[BlackElo "2461"]
[Result "1/2-1/2"]
[Round "04"]
[TimeControl "180+2"]
[Date "2023.05.23"]
[WhiteClock "0:00:01"]
[BlackClock "0:00:02"]

1. e4 c5 2. Nc3 Nc6 3. Bb5 e6 4. Bxc6 bxc6 5. Nge2 d5 6. d3 Nf6 7. O-O Be7 8. Ng3 O-O 9. f4 c4 10. e5 Nd7 11. dxc4 Ba6 12. cxd5 Bc5+ 13. Kh1 Bxf1 14. dxe6 Nxe5 15. Qxf1 Ng4 16. Nce4 Bb6 17. h3 fxe6 18. Qf3 Qd4 19. Bd2 Nf2+ 20. Kh2 Nxe4 21. Nxe4 Qxb2 22. Bc3 Qxc2 23. Qg3 Rf7 24. Ng5 Raf8 25. Nxf7 Rxf7 26. Rf1 Bc7 27. Rf2 Qg6 28. Qxg6 hxg6 29. g3 g5 30. Bd2 gxf4 31. Bxf4 Bxf4 32. gxf4 e5 33. f5 Re7 34. Kg3 Kf7 35. Kg4 Kf6 36. Rc2 Rc7 37. Rc5 e4 38. Kf4 e3 39. Kxe3 Kg5 40. Kf3 Rc8 41. Kg3 Rc7 42. h4+ Kf6 43. Kf4 Rc8 44. a4 Rc7 45. a5 Rc8 46. a6 Rc7 47. Kg4 Rc8 48. Kf4 Rc7 49. Ke4 Re7+ 50. Kf4 Rc7 1/2-1/2


[Site "https://www.chess.com"]

[Event "Titled Tuesday Blitz May 23 Early 2023"]
[White "Steinberg, Nitzan"]
[Black "Melian, Juan Sebastian"]
[WhiteFideId "2801795"]
[BlackFideId "3706575"]
[WhiteElo "2486"]
[BlackElo "2092"]
[Result "0-1"]
[Round "04"]
[TimeControl "180+2"]
[Date "2023.05.23"]
[WhiteClock "0:00:01"]
[BlackClock "0:00:04"]

1. Nf3 Nf6 2. g3 e6 3. Bg2 d5 4. O-O Be7 5. d3 O-O 6. Nbd2 c5 7. e4 Nc6 8. Re1 b6 9. e5 Nd7 10. Nf1 Re8 11. h4 f6 12. exf6 Bxf6 13. N1h2 Nde5 14. Nxe5 Nxe5 15. a4 Bb7 16. a5 Qd7 17. a6 Bc6 18. h5 h6 19. Bf4 Nf7 20. c3 e5 21. Bd2 Bg5 22. Nf3 Bxd2 23. Qxd2 Qg4 24. d4 e4 25. Nh2 Qxh5 26. Qf4 Qg6 27. Rad1 c4 28. f3 exf3 29. Nxf3 Qc2 30. Ne5 Nxe5 31. dxe5 Qxb2 32. Re3 Rad8 33. Rd4 Rf8 34. e6 Rxf4 35. gxf4 Qc1+ 36. Kf2 Rf8 37. Bf3 Qb2+ 38. Kg3 Qc1 39. Kf2 Qb2+ 40. Be2 Qa1 41. e7 Re8 42. Bh5 Qb2+ 43. Kg3 Qc1 44. Kf2 Qc2+ 45. Kg3 g6 46. Bd1 Qf5 47. Bg4 Qf6 48. Re6 Qxe6 49. Bxe6+ Kg7 50. Bxd5 Bxd5 51. Rxd5 Rxe7 52. Kf3 Kf6 53. Rd6+ Kf7 54. Rd8 Rc7 55. Ke4 Ke7 56. Rh8 Kf6 57. Rxh6 Kg7 58. Rh1 Rc5 59. Rd1 Rc7 60. Rd6 Kf7 61. Ke5 Rc5+ 62. Kd4 Rc7 63. Rd8 Ke7 64. Rh8 Kf6 65. Kd5 Rc5+ 66. Kd6 Ra5 67. Rf8+ Kg7 68. Ke7 Rxa6 69. Rf7+ Kh6 70. Kf6 b5+ 71. Ke5 Ra3 72. Rf8 Kg7 73. Rb8 Rb3 74. Rb7+ Kh6 75. Kf6 Rxc3 76. Rb8 Kh5 77. Rxb5+ Kh6 78. Rg5 Rf3 79. Rxg6+ Kh7 80. Rg4 c3 81. f5 c2 82. Rc4 Rf2 83. Rh4+ Kg8 84. Rc4 a5 85. Kg6 Rg2+ 86. Kf6 a4 87. Rc8+ Kh7 88. Rc7+ Kh6 89. Rc8 Kh5 90. Rh8+ Kg4 91. Rc8 a3 92. Rc4+ Kh5 93. Rc8 a2 0-1


[Site "https://www.chess.com"]

[Event "Titled Tuesday Blitz May 23 Early 2023"]
[White "Omelja, Artem"]
[Black "Zhigalko, Sergei"]
[WhiteFideId "14119846"]
[BlackFideId "13502956"]
[WhiteElo "2404"]
[BlackElo "2626"]
[Result "0-1"]
[Round "04"]
[TimeControl "180+2"]
[Date "2023.05.23"]
[WhiteClock "0:00:00"]
[BlackClock "0:00:08"]

1. e4 c5 2. Nf3 Nc6 3. Bb5 Nf6 4. Nc3 Qc7 5. O-O Nd4 6. Bd3 Ng4 7. g3 Nxf3+ 8. Qxf3 Ne5 9. Qe3 e6 10. Be2 Be7 11. Nb5 Qb6 12. c3 a6 13. Na3 Nc6 14. Nc4 Qc7 15. a4 d5 16. exd5 exd5 17. Na3 O-O 18. d4 cxd4 19. cxd4 Bf6 20. Nc2 Bf5 21. Bd3 Rfe8 22. Qd2 Be4 23. b3 Rac8 24. Bb2 Na5 25. Bxe4 dxe4 26. Ne3 Nxb3 27. Qe2 Nxa1 28. Bxa1 Rcd8 29. Qg4 Qd7 30. Qf4 Qxa4 31. Nf5 Qd7 32. Nh6+ Kh8 33. Nf5 g6 34. Nh6 Kg7 35. Ng4 Re6 36. Nxf6 Rxf6 37. d5 Qf5 38. Qc7 Rxd5 39. Qxb7 a5 40. Bxf6+ Kxf6 41. Rc1 Kg7 42. Qb6 Re5 43. Qb2 Qf6 44. Rc6 Re6 45. Qxf6+ Kxf6 46. Rc5 Ra6 47. Rc4 a4 48. Rxe4 a3 49. Re1 a2 50. Ra1 Ke5 0-1


[Site "https://www.chess.com"]

[Event "Titled Tuesday Blitz May 23 Early 2023"]
[White "Zakhartsov, Vladimir"]
[Black "Baghdasaryan, Vahe"]
[WhiteFideId "4145097"]
[BlackFideId "13303139"]
[WhiteElo "2495"]
[BlackElo "2216"]
[Result "1-0"]
[Round "04"]
[TimeControl "180+2"]
[Date "2023.05.23"]
[WhiteClock "0:00:04"]
[BlackClock "0:00:00"]

1. e4 e5 2. Nf3 Nc6 3. Nc3 Nf6 4. a3 d5 5. exd5 Nxd5 6. Nxe5 Nxe5 7. Qe2 Bd6 8. Nxd5 O-O 9. d4 Nc6 10. Be3 Bxa3 11. c4 Bd6 12. g3 Re8 13. Rd1 Nb4 14. Bg2 Nxd5 15. Bxd5 Bb4+ 16. Kf1 Bh3+ 17. Bg2 Qd7 18. Kg1 Rad8 19. Qf1 Bg4 20. Ra1 a5 21. h3 Bf5 22. Kh2 c6 23. Qc1 h5 24. Rd1 h4 25. g4 Bd6+ 26. Kh1 Bxg4 27. hxg4 Qxg4 28. Rg1 h3 29. Bxc6 Qf5 30. Bxb7 Re4 31. Qd1 Rde8 32. Rxa5 Qxa5 33. Bxe4 Rxe4 34. Qf3 Re8 35. c5 Bb8 36. Qxh3 Qc7 37. Kg2 Re6 38. Qf3 Qa5 39. Qd5 Rg6+ 40. Kh1 Qc7 41. Qh5 Qb7+ 42. d5 Qxb2 43. Rxg6 fxg6 44. Qxg6 Qe5 45. Qe6+ Qxe6 46. dxe6 Kf8 47. c6 Ke7 48. Bb6 Kd6 49. e7 Bc7 50. Bxc7+ Kxe7 51. Bg3 1-0


[Site "https://www.chess.com"]

[Event "Titled Tuesday Blitz May 23 Early 2023"]
[White "Durarbayli, Vasif"]
[Black "Vestby-Ellingsen, Mads"]
[WhiteFideId "13402935"]
[BlackFideId "1520857"]
[WhiteElo "2551"]
[BlackElo "2244"]
[Result "1/2-1/2"]
[Round "04"]
[TimeControl "180+2"]
[Date "2023.05.23"]
[WhiteClock "0:00:09"]
[BlackClock "0:00:04"]

1. e4 e5 2. Nc3 Nf6 3. d4 exd4 4. Qxd4 Nc6 5. Qd3 Bc5 6. Bf4 d6 7. O-O-O Bxf2 8. Nf3 O-O 9. Nd5 Nxd5 10. exd5 Ne7 11. Bg5 f6 12. Bd2 Bf5 13. Qc4 Bc5 14. g4 Bg6 15. Nd4 b5 16. Nxb5 Bf7 17. Bg2 c6 18. Nc3 Rb8 19. Rhe1 cxd5 20. Nxd5 Nc6 21. g5 Ne5 22. Qa4 f5 23. Bf4 Kh8 24. a3 Qc8 25. Nc3 Qc7 26. Bd5 Qb6 27. b4 Bd4 28. Qb3 Rbc8 29. Na4 Bxd5 30. Nxb6 Bxb3 31. Nxc8 Rxc8 32. Rxd4 Bxc2 33. Bxe5 Be4+ 34. Kd2 dxe5 35. Rdxe4 fxe4 36. Rxe4 Re8 37. b5 Kg8 38. a4 Kf7 39. a5 Ke6 40. b6 axb6 41. axb6 Kd5 42. Rb4 Kc5 43. Rb1 Rb8 44. b7 Kc6 45. Ke3 Rxb7 46. Rxb7 Kxb7 47. Ke4 Kc6 48. Kxe5 Kd7 49. h4 Ke7 50. h5 h6 51. g6 Kf8 52. Kd6 Kg8 53. Kd7 Kh8 54. Ke7 Kg8 55. Ke8 Kh8 56. Kf8 1/2-1/2


[Site "https://www.chess.com"]

[Event "Titled Tuesday Blitz May 23 Early 2023"]
[White "Ibadov, Dashgyn"]
[Black "Pranesh M"]
[WhiteFideId "24107514"]
[BlackFideId "35028600"]
[WhiteElo "2208"]
[BlackElo "2437"]
[Result "0-1"]
[Round "04"]
[TimeControl "180+2"]
[Date "2023.05.23"]
[WhiteClock "0:00:02"]
[BlackClock "0:00:14"]

1. d4 d5 2. Nf3 e6 3. Bf4 Bd6 4. Bxd6 cxd6 5. e3 Nf6 6. Bd3 Nc6 7. c3 e5 8. Be2 O-O 9. O-O h5 10. Nbd2 e4 11. Ne1 h4 12. h3 Re8 13. f4 exf3 14. Rxf3 Nh5 15. Nf1 Qg5 16. Nd3 Ne7 17. Nf4 Nxf4 18. exf4 Qf6 19. Ne3 Bf5 20. Qd2 Be4 21. Rf2 Nf5 22. Nxf5 Bxf5 23. Bf3 Be4 24. Re1 Bxf3 25. Rxf3 Qf5 26. Rfe3 Re4 27. Rxe4 dxe4 28. d5 Re8 29. c4 Qg6 30. Qe3 b6 31. b4 f5 32. Rc1 Qf6 33. Rc3 Kh7 34. Kh2 Rb8 35. c5 bxc5 36. bxc5 dxc5 37. Rxc5 Rb1 38. Qf2 e3 39. Qf3 Qg6 40. Qxe3 Qb6 41. d6 Qxd6 42. Rxf5 Qd1 43. Rh5+ Qxh5 44. Qe4+ Qg6 45. f5 Qg3# 0-1


[Site "https://www.chess.com"]

[Event "Titled Tuesday Blitz May 23 Early 2023"]
[White "Drygalov, Sergey"]
[Black "Bruedigam, Martin"]
[WhiteFideId "24171743"]
[BlackFideId "24608033"]
[WhiteElo "2533"]
[BlackElo "2331"]
[Result "1-0"]
[Round "04"]
[TimeControl "180+2"]
[Date "2023.05.23"]
[WhiteClock "0:02:18"]
[BlackClock "0:00:11"]

1. d4 d5 2. c4 e6 3. Nc3 a6 4. Nf3 Nf6 5. g3 dxc4 6. Bg2 b5 7. Ne5 Ra7 8. Be3 Nd5 9. O-O Be7 10. a4 b4 11. Ne4 Nxe3 12. fxe3 O-O 13. Qc2 Bb7 14. Qxc4 Bd5 15. Qc2 c6 16. Rac1 h6 17. Rf2 a5 18. Rcf1 Bg5 19. Nxg5 Qxg5 20. e4 1-0


[Site "https://www.chess.com"]

[Event "Titled Tuesday Blitz May 23 Early 2023"]
[White "Hansen, Eric"]
[Black "Shevtchenko, Olesya"]
[WhiteFideId "2606771"]
[BlackFideId "24131890"]
[WhiteElo "2561"]
[BlackElo "2003"]
[Result "1-0"]
[Round "04"]
[TimeControl "180+2"]
[Date "2023.05.23"]
[WhiteClock "0:01:53"]
[BlackClock "0:00:13"]

1. f4 d5 2. Nf3 Nf6 3. b3 g6 4. Bb2 Bg7 5. e3 O-O 6. Be2 a5 7. O-O a4 8. Qe1 Nc6 9. a3 Bf5 10. Qd1 Nd7 11. Bxg7 Kxg7 12. Bb5 axb3 13. cxb3 Ncb8 14. Qc1 c6 15. Be2 Na6 16. b4 Nc7 17. Nc3 f6 18. Nd4 Be6 19. Ncb5 Bg8 20. Nxc7 Qxc7 21. f5 Ne5 22. Qc3 Qd6 23. a4 e6 24. fxe6 Bxe6 25. Qc5 Qd7 26. h3 Bxh3 27. gxh3 Qxh3 28. Rf2 Rae8 29. Rh2 Qg3+ 30. Rg2 Qh3 31. Rf1 Nd7 32. Qd6 Ne5 33. Rf4 h5 34. Rh4 Qd7 35. Qxd7+ Nxd7 36. Bxh5 Ne5 37. Bxg6 Nxg6 38. Rhg4 Kf7 39. Rxg6 1-0


[Site "https://www.chess.com"]

[Event "Titled Tuesday Blitz May 23 Early 2023"]
[White "surrenderPLS"]
[Black "Timofeev, Artyom"]
[BlackFideId "4140419"]
[WhiteElo "2550"]
[BlackElo "2586"]
[Result "0-1"]
[Round "04"]
[TimeControl "180+2"]
[Date "2023.05.23"]
[WhiteClock "0:00:02"]
[BlackClock "0:00:23"]

1. e4 e5 2. Nf3 d5 3. exd5 e4 4. Qe2 Nf6 5. d3 Qxd5 6. dxe4 Qxe4 7. Qxe4+ Nxe4 8. Bd3 Nc5 9. Bc4 Be6 10. Bxe6 Nxe6 11. Be3 Nc6 12. Nbd2 Nb4 13. Kd1 f6 14. a3 Nd5 15. Nd4 Nxe3+ 16. fxe3 Kf7 17. Nxe6 Kxe6 18. Ke2 Bd6 19. Nc4 Be7 20. Rad1 a5 21. a4 c6 22. b3 b5 23. axb5 cxb5 24. Nb2 Rhc8 25. c4 a4 26. cxb5 axb3 27. Nd3 g5 28. Rb1 Ra2+ 29. Kf3 Rc3 30. Rhd1 f5 31. h3 h5 32. b6 Bd6 33. g4 fxg4+ 34. hxg4 h4 35. b7 Bb8 36. Rxb3 Rxb3 37. Nc5+ Ke7 38. Nxb3 h3 39. Nd4 Ra6 40. Rc1 h2 41. Kg2 Kd7 42. Nf3 Rb6 43. Nxg5 Rxb7 44. Nf3 Rb2+ 45. Kh3 Rf2 46. Ng5 Re2 47. Nf3 Rxe3 48. Kg2 Re4 49. Nxh2 Re2+ 50. Kf3 Rxh2 51. Rg1 Ke7 52. g5 Kf7 53. g6+ Kg7 54. Rg4 Be5 55. Ke4 Bf6 56. Kf3 Rh5 57. Kf4 Rb5 58. Rg2 Be5+ 59. Ke4 Bd6 60. Rg1 Re5+ 61. Kf3 Be7 62. Kf4 Rb5 63. Rg2 Bf6 64. Rg3 Kh6 65. Rg2 Bg5+ 66. Kg4 Kxg6 67. Re2 Rb4+ 68. Kf3 Kf5 69. Rc2 Rb3+ 70. Kg2 Kg4 71. Kf2 Be3+ 72. Ke2 Kf5 73. Rc4 Ke5 74. Rh4 Bf4 75. Rh8 Ke4 76. Re8+ Be5 77. Kd2 Rb2+ 78. Kc1 Rg2 79. Kd1 Kd4 80. Rd8+ Ke3 81. Re8 Ke4 82. Kc1 Kd4 83. Rd8+ Kc3 84. Rc8+ Kd3 85. Kb1 Rb2+ 86. Kc1 Ra2 87. Rb8 Bc3 88. Rd8+ Bd4 89. Rb8 Rg2 90. Rb3+ Bc3 91. Rb7 Rg1# 0-1


[Site "https://www.chess.com"]

[Event "Titled Tuesday Blitz May 23 Early 2023"]
[White "Siva Mahadevan"]
[Black "Gontcharov, Vladislav"]
[WhiteFideId "25043153"]
[BlackFideId "4123492"]
[WhiteElo "2249"]
[BlackElo "2420"]
[Result "0-1"]
[Round "04"]
[TimeControl "180+2"]
[Date "2023.05.23"]
[WhiteClock "0:01:04"]
[BlackClock "0:00:27"]

1. e4 e6 2. Nc3 d5 3. d4 Bb4 4. e5 c5 5. a3 Bxc3+ 6. bxc3 Ne7 7. a4 Qc7 8. Nf3 O-O 9. h4 b6 10. h5 h6 11. Bd3 Ba6 12. O-O Bxd3 13. Qxd3 Nbc6 14. Ba3 Na5 15. Nd2 Rac8 16. Rae1 Rfd8 17. Qh3 Nc4 18. Nxc4 dxc4 19. dxc5 bxc5 20. Re4 Rd5 21. Rfe1 Nc6 22. Qg3 Ne7 23. Bc1 Kh7 24. Rxc4 Nf5 25. Qf4 Rcd8 26. g4 Rd1 27. Re4 Nh4 28. Qg3 Qc6 29. Kf1 Qxe4 0-1


[Site "https://www.chess.com"]

[Event "Titled Tuesday Blitz May 23 Early 2023"]
[White "Gharibyan, Mamikon"]
[Black "Tologon tegin, Semetei"]
[WhiteFideId "13308300"]
[BlackFideId "13800574"]
[WhiteElo "2445"]
[BlackElo "2247"]
[Result "1-0"]
[Round "04"]
[TimeControl "180+2"]
[Date "2023.05.23"]
[WhiteClock "0:01:20"]
[BlackClock "0:00:00"]

1. b3 e5 2. Bb2 Nc6 3. e3 Nf6 4. Bb5 Bd6 5. Na3 Na5 6. Nc4 Nxc4 7. Bxc4 c6 8. g4 Qe7 9. g5 Ne4 10. h4 Bc7 11. Nf3 d5 12. Be2 O-O 13. Rg1 f6 14. a3 fxg5 15. hxg5 c5 16. d3 Nxf2 17. Kxf2 e4 18. dxe4 dxe4 19. Qd5+ Kh8 20. Rh1 Bf5 21. Nh4 Qxg5 22. Rag1 Bg4+ 23. Ke1 Qxd5 24. Ng6+ Kg8 25. Ne7+ Kf7 26. Nxd5 Ba5+ 27. b4 cxb4 28. axb4 1-0


[Site "https://www.chess.com"]

[Event "Titled Tuesday Blitz May 23 Early 2023"]
[White "Ferenc83"]
[Black "Rostovtsev, Dmitry"]
[BlackFideId "34278320"]
[WhiteElo "2546"]
[BlackElo "2344"]
[Result "0-1"]
[Round "04"]
[TimeControl "180+2"]
[Date "2023.05.23"]
[WhiteClock "0:01:25"]
[BlackClock "0:00:42"]

1. b3 e5 2. Bb2 Nc6 3. c4 Nf6 4. e3 g6 5. Nf3 d6 6. d3 Bg7 7. Be2 O-O 8. O-O Be6 9. a3 a5 10. Qc2 h6 11. Nc3 d5 12. cxd5 Nxd5 13. Ne4 Nde7 14. Nc5 Bc8 15. Rfd1 b6 16. Na4 Ba6 17. Rac1 Qd5 18. Nd2 Rad8 19. Bf3 Bxd3 20. Qxc6 Qxc6 21. Bxc6 Nxc6 22. Rxc6 Be2 23. Rcc1 Bxd1 24. Rxd1 Rd3 25. Kf1 Rfd8 26. Ke2 f5 27. Ba1 R3d5 28. Nc3 R5d7 29. b4 axb4 30. axb4 e4 31. Nb3 Bxc3 32. Rxd7 Rxd7 33. Bxc3 Rd3 0-1


[Site "https://www.chess.com"]

[Event "Titled Tuesday Blitz May 23 Early 2023"]
[White "Sattarov, Bobir"]
[Black "Taboas Rodriguez, Daniel"]
[WhiteFideId "14203081"]
[BlackFideId "2208466"]
[WhiteElo "2351"]
[BlackElo "2365"]
[Result "1-0"]
[Round "04"]
[TimeControl "180+2"]
[Date "2023.05.23"]
[WhiteClock "0:00:52"]
[BlackClock "0:00:00"]

1. e4 e5 2. Nf3 Nc6 3. Bc4 Nf6 4. d3 Bc5 5. Nc3 d6 6. h3 Na5 7. Be3 Bxe3 8. fxe3 Nxc4 9. dxc4 Be6 10. b3 h6 11. O-O c6 12. Ne1 Qb6 13. Qd2 O-O-O 14. Nd3 Rhe8 15. Kh1 d5 16. exd5 cxd5 17. c5 Qc6 18. Nxe5 Qxc5 19. Qd4 Qxd4 20. exd4 Ne4 21. Ne2 f6 22. Nd3 g5 23. Kg1 f5 24. Ne5 f4 25. Rac1 Bf5 26. c4 dxc4 27. bxc4 Re7 28. Rfd1 Nd6 29. Nc3 Be6 30. c5 Nf5 31. Nb5 Kb8 32. c6 Rc8 33. d5 Bg8 34. d6 Rxe5 35. c7+ Ka8 36. d7 1-0


[Site "https://www.chess.com"]

[Event "Titled Tuesday Blitz May 23 Early 2023"]
[White "Ilamparthi A R"]
[Black "Janaszak, Dawid"]
[WhiteFideId "45015775"]
[BlackFideId "1119206"]
[WhiteElo "2348"]
[BlackElo "2220"]
[Result "1-0"]
[Round "04"]
[TimeControl "180+2"]
[Date "2023.05.23"]
[WhiteClock "0:01:29"]
[BlackClock "0:01:02"]

1. e4 c5 2. Nf3 Nc6 3. d3 d6 4. g3 e5 5. Bg2 h5 6. Nc3 h4 7. Nxh4 Rxh4 8. gxh4 Qxh4 9. Nd5 Qd8 10. Be3 Be6 11. Qd2 Bxd5 12. exd5 Nce7 13. O-O-O Nf6 14. Bg5 Ng6 15. h4 Qb6 16. h5 Nf4 17. Bxf4 exf4 18. Rde1+ Kd8 19. Qxf4 Qa5 20. h6 Qxa2 21. h7 Nxh7 22. Qxf7 Qa1+ 23. Kd2 Qa5+ 24. c3 Qb5 25. Rxh7 Qxb2+ 26. Ke3 Qxc3 27. Qxf8+ Kc7 28. Rxg7+ Kb6 29. Qxd6+ Ka5 30. Qc7+ b6 31. Qxa7+ Kb5 32. Rb1+ 1-0


[Site "https://www.chess.com"]

[Event "Titled Tuesday Blitz May 23 Early 2023"]
[White "Harsh Suresh"]
[Black "Sukandar, Irine Kharisma"]
[WhiteFideId "45018464"]
[BlackFideId "7101937"]
[WhiteElo "2209"]
[BlackElo "2315"]
[Result "1-0"]
[Round "04"]
[TimeControl "180+2"]
[Date "2023.05.23"]
[WhiteClock "0:00:09"]
[BlackClock "0:00:00"]

1. e4 c5 2. Nc3 a6 3. a4 Nc6 4. g3 g6 5. Bg2 Bg7 6. Nge2 Nf6 7. O-O O-O 8. d3 Rb8 9. f4 d6 10. h3 Nb4 11. Be3 b5 12. axb5 axb5 13. Qd2 Qc7 14. g4 d5 15. exd5 Rd8 16. f5 Nfxd5 17. Nxd5 Nxd5 18. c3 Nxe3 19. Qxe3 Bb7 20. Ra7 Qb6 21. Rxb7 Rxb7 22. Bxb7 Qxb7 23. Ng3 b4 24. Ne4 bxc3 25. bxc3 Qd5 26. Rf3 c4 27. d4 Ra8 28. Qf4 Ra1+ 29. Rf1 Rxf1+ 30. Kxf1 gxf5 31. Qxf5 Qc6 32. Ng5 Qh1+ 33. Kf2 Qh2+ 34. Ke1 Qg3+ 35. Kd2 1-0


[Site "https://www.chess.com"]

[Event "Titled Tuesday Blitz May 23 Early 2023"]
[White "cristianserban1"]
[Black "Zemlyanskii, Ivan"]
[BlackFideId "24249971"]
[WhiteElo "2534"]
[BlackElo "2421"]
[Result "0-1"]
[Round "04"]
[TimeControl "180+2"]
[Date "2023.05.23"]
[WhiteClock "0:00:01"]
[BlackClock "0:00:09"]

1. d4 Nc6 2. Bf4 d6 3. e3 e5 4. Bg3 Nf6 5. Nf3 e4 6. Nfd2 Be7 7. c4 O-O 8. Nc3 Bf5 9. a3 Re8 10. b4 Bf8 11. Be2 Ne7 12. O-O Ng6 13. h4 c6 14. h5 Ne7 15. Bh4 d5 16. Bxf6 gxf6 17. f3 exf3 18. Nxf3 Bh6 19. Nh4 Bxe3+ 20. Kh1 Be6 21. c5 Bg5 22. Qe1 Qc7 23. Qf2 h6 24. Bd3 Kg7 25. Ne2 f5 26. Ng1 f4 27. Ngf3 Qd7 28. Nxg5 hxg5 29. Nf3 f6 30. Kg1 Nf5 31. Bc2 Ne3 32. Bg6 Rh8 33. Rfe1 Bf7 34. Bxf7 Qxf7 35. g3 Qxh5 36. Qg2 Nxg2 37. Kxg2 Qh3+ 0-1


[Site "https://www.chess.com"]

[Event "Titled Tuesday Blitz May 23 Early 2023"]
[White "Schmakel, Sam"]
[Black "Richter, Paul"]
[WhiteFideId "2039311"]
[BlackFideId "2046350"]
[WhiteElo "2356"]
[BlackElo "2532"]
[Result "1-0"]
[Round "04"]
[TimeControl "180+2"]
[Date "2023.05.23"]
[WhiteClock "0:00:25"]
[BlackClock "0:00:00"]

1. d4 Nf6 2. c4 g6 3. g3 Bg7 4. Bg2 O-O 5. Nc3 d6 6. Nf3 Nbd7 7. O-O e5 8. e4 exd4 9. Nxd4 Re8 10. h3 a6 11. Be3 Rb8 12. Rc1 Ne5 13. b3 c5 14. Nde2 Qc7 15. f4 Ned7 16. g4 b5 17. Ng3 b4 18. Nb1 Bb7 19. Nd2 h6 20. h4 Rbd8 21. g5 hxg5 22. hxg5 Nh7 23. Qg4 Ndf8 24. f5 gxf5 25. Nxf5 Ng6 26. Qh5 Qd7 27. Rf2 Qe6 28. Rcf1 Rd7 29. Bh3 Qe5 30. Nxg7 Qg3+ 31. Kh1 Rxe4 32. Nxe4 Bxe4+ 33. Bg2 Bxg2+ 34. Rxg2 Qxe3 35. Nf5 Nhf8 36. Nxe3 1-0


[Site "https://www.chess.com"]